 Dungeon Crawl Stone Soup version 0.28-a0-1190-g77e1c55843 (webtiles) character file.

Game seed: 5256181664827681870

5824 Essalna the Conjurer (level 10, -8/76 HPs)
             Began as a Demonspawn Fire Elementalist on Dec 18, 2021.
             Was a Follower of Vehumet.
             Mangled by a sixfirhy (10 damage)
             ... summoned by a kobold demonologist
             ... on level 8 of the Dungeon.
             The game lasted 00:24:28 (10807 turns).

Essalna the Conjurer (DsFE)                        Turns: 10807, Time: 00:24:29

Health: -8/76      AC:  7    Str:  8    XL:     10   Next: 51%
Magic:  0/20       EV: 14    Int: 22    God:    Vehumet [*.....]
Gold:   513        SH:  4    Dex: 17    Spells: 15/22 levels left

rFire   + . .      SeeInvis +   t - +2 dagger (speed)
rCold   . . .      Faith    .   (no shield)
rNeg    . . .      Spirit   +   u - +2 leather armour {rF+}
rPois   .          Reflect  .   (helmet unavailable)
rElec   .          Harm     .   l - +1 cloak
rCorr   +          Rampage  .   (no gloves)
Will    .....                   (no boots)
Stlth   ++++......              r - amulet of magic regeneration
HPRegen 0.22/turn               i - ring of resist corrosion
MPRegen 0.74/turn               w - ring of wizardry

@: no status effects
A: antennae 3, thin skeletal structure 2, magic shield, magic regeneration,
condensation shield, talons 1, MP-powered wands
a: Renounce Religion


You were on level 8 of the Dungeon.
You worshipped Vehumet.
Vehumet was aware of your devotion.
You visited 2 branches of the dungeon, and saw 9 of its levels.
You also visited: Ossuary.

You collected 513 gold pieces.

Inventory:

Hand Weapons
 d - a +0 whip
 t - a +2 dagger of speed (weapon)
 y - a +1 whip of venom
Missiles
 D - a throwing net
Armour
 a - a +0 robe
 l - a +1 cloak (worn)
 u - a +2 leather armour of fire resistance (worn)
Jewellery
 g - a ring of flight
 i - a ring of resist corrosion (left hand)
 r - an amulet of magic regeneration (around neck)
 w - a ring of wizardry (right hand)
Wands
 x - a wand of paralysis (7)
 A - a wand of iceblast (5)
Scrolls
 b - 3 scrolls of identify
 f - a scroll of magic mapping
 h - a scroll of blinking
 j - a scroll of enchant armour
 v - a scroll of amnesia {unknown}
 C - a scroll of fog {unknown}
 E - 3 scrolls of teleportation
Potions
 c - 2 potions of resistance
 e - 2 potions of heal wounds
 k - a potion of degeneration
 m - 2 potions of brilliance {unknown}
 n - 5 potions of curing
 o - 2 potions of haste
 p - a potion of ambrosia {unknown}
 q - a potion of berserk rage {unknown}
 s - a potion of attraction {unknown}
 z - 2 potions of invisibility {unknown}
 B - a potion of might {unknown}
 F - a potion of flight {unknown}


   Skills:
 + Level 6.0 Fighting
 - Level 4.0 Armour
 + Level 5.8 Dodging
 - Level 1.7 Stealth
 + Level 6.8 Spellcasting
 + Level 7.2 Conjurations
 + Level 7.1 Fire Magic


You had 15 spell levels left.
You knew the following spells:

 Your Spells              Type           Power      Damage    Failure   Level
a - Foxfire               Conj/Fire      100%       2x1d9     1%          1
b - Scorch                Fire           78%        2d9       1%          2
c - Flame Wave            Conj/Fire      39%        2d7       2%          4

Your spell library contained the following spells:

 Spells                   Type           Power      Damage    Failure   Level
 Freeze                   Ice            28%        1d5       4%          1
 Conjure Flame            Conj/Fire      39%        6-21      1%          3
 Inner Flame              Hex/Fire       23%        N/A       3%          3
 Stone Arrow              Conj/Erth      46%        3d9       3%          3
 Animate Skeleton         Necr           14%        N/A       4%          1
 Pain                     Necr           28%        1d5       4%          1
 Ensorcelled Hibernation  Hex/Ice        14%        N/A       8%          2
 Sublimation of Blood     Necr           7%         N/A       8%          2
 Hailstorm                Conj/Ice       23%        3d7       11%         4
 Tukima's Dance           Hex            7%         N/A       14%         3
 Vampiric Draining        Necr           7%         2d6       14%         3
 Irradiate                Conj/Tmut      11%        3d17      28%         5
 Animate Armour           Summ/Erth      14%        N/A       41%         4
 Ice Form                 Ice/Tmut       7%         N/A       41%         4
 Petrify                  Tmut/Erth      7%         N/A       41%         4
 Simulacrum               Ice/Necr       3%         N/A       99%         6
 Lehudib's Crystal Spear  Conj/Erth      11%        10d4      100%        8


Dungeon Overview and Level Annotations

Branches:
Dungeon (8/15)             Temple (1/1) D:6         Ossuary (visited)
   Lair: D:8-11

Altars:
Ashenzari
Dithmenos
Elyvilon
Fedhas
Gozag
Kikubaaqudgha
Makhleb
Nemelex Xobeh
Okawaru
Ru
Sif Muna
Uskayaw
Vehumet
Zin

Shops:
D:5 *[

Annotations:
D:2 Terence


Innate Abilities, Weirdness & Mutations

You have a pair of large antennae on your head. (SInv)
You have a moderately thin skeletal structure. (Dex +4, Stealth++)
When hurt, damage is shared between your health and your magic reserves.
You regenerate magic rapidly.
A meltable shield of frost defends you. (SH +4)
You have sharp toenails.
You expend magic power (3 MP) to strengthen your wands.


Message History

The flame wave engulfs the sixfirhy!
The sixfirhy is moderately wounded.
The flame wave engulfs the shadow imp!
You kill the shadow imp!
The shadow imp disappears in a puff of smoke! (Press . to intensify the flame waves.)
The foxfire hits the sixfirhy.
The sixfirhy is heavily wounded.
The kobold demonologist closely misses you.
The quasit barely misses you.
The quasit claws you but does no damage. x2
A wave of flame ripples out!
The flame wave engulfs the kobold demonologist.
The kobold demonologist is heavily wounded.
The flame wave engulfs the sixfirhy.
The sixfirhy is heavily wounded.
The flame wave engulfs the quasit.
The quasit resists.
The quasit is lightly wounded.
The sixfirhy closely misses you.
The kobold demonologist mumbles some strange words.
The quasit bites you but does no damage.
The quasit misses you. The quasit barely misses you.
The sixfirhy hits you but does no damage.
A wave of flame ripples out!
The flame wave engulfs the kobold demonologist!
The kobold demonologist is severely wounded.
The flame wave engulfs the sixfirhy!
The sixfirhy is severely wounded.
The flame wave engulfs the quasit.
The quasit resists.
The quasit is heavily wounded.
The flame wave engulfs the smoke demon.
The smoke demon completely resists.
You finish channelling waves of flame.
The sixfirhy hits you! The sixfirhy shocks you! The sixfirhy hits you!
* * * LOW HITPOINT WARNING * * *
The sixfirhy shocks you!
* * * LOW HITPOINT WARNING * * *
The sixfirhy hits you!
* * * LOW HITPOINT WARNING * * *
The sixfirhy shocks you!
You die...

#.# #.#..........
#.# #.#......####
#.### #.#......####
#...###.# ###.))...
#.......#####.#####
#.......##......# #
#.......##......# #
#.#####.##......# #
#.@..##.#####.#####
#K35.##.#####......
#.).......#......##
##)3.##.#.#......#
#....##.#.#......#
#..).##.#.#......##
#.)..##.#....†≈....
#....##.#....≈≈..#.
#.#....≈≈..#.


You could see a kobold demonologist, a sixfirhy (summoned), a smoke demon
(summoned) and a quasit (summoned).

Vanquished Creatures
  Harold (D:7)
  Joseph (D:7)
  A kobold demonologist (D:8)
  3 vampire mosquitoes (D:8)
  A water moccasin (D:7)
  Duvessa (D:7)
  A black bear (D:6)
  2 orc warriors
  2 ice beasts (D:6)
  2 sky beasts
  A hornet zombie (D:6)
  3 centaurs
  4 kobold brigands
  2 bullfrogs
  11 scorpions
  A wyvern skeleton (D:7)
  Dowan (D:7)
  4 killer bees (D:8)
  5 wights
  4 howler monkeys
  8 human zombies (Ossuary)
  2 centaur zombies
  2 hounds
  6 jellies
  6 orc priests
  A gnoll shaman (D:5)
  4 iguanas
  5 scorpion zombies (Ossuary)
  4 orc wizards
  A hound skeleton (D:5)
  3 mummies (Ossuary)
  Robin (D:3)
  4 gnolls
  5 adders
  A shadow imp (D:5)
  2 white imps
  4 adder skeletons (D:4)
  3 worms
  13 orcs
  6 ball pythons
  5 bats
  4 endoplasms
  3 giant cockroaches
  2 gnoll zombies (Ossuary)
  10 goblins
  9 hobgoblins
  4 jackals (D:4)
  13 kobolds
  4 quokkas
  3 frilled lizards
  A goblin zombie (Ossuary)
  2 hobgoblin zombies (Ossuary)
  3 kobold zombies (Ossuary)
  4 rats
199 creatures vanquished.

Vanquished Creatures (collateral kills)
  A water moccasin zombie (D:6)
  A centaur zombie (D:6)
  A foxfire (D:5)
3 creatures vanquished.

Vanquished Creatures (others)
  A butterfly (D:5)
  1244 foxfires
  2 withered plants (D:1)
1247 creatures vanquished.

Grand Total: 1449 creatures vanquished

Notes
Turn   | Place    | Note
-------+----------+-------------------------------------------
     0 | D:1      | Essalna the Demonspawn Fire Elementalist began the quest
                  | for the Orb.
     0 | D:1      | Reached XP level 1. HP: 13/13 MP: 3/3
   414 | D:1      | Gained mutation: A meltable shield of frost defends you.
                  | (SH +4) [demonic ancestry]
   414 | D:1      | Reached XP level 2. HP: 19/19 MP: 0/5
  1050 | D:1      | Found a faded altar of an unknown god.
  1819 | D:2      | Gained mutation: You have a pair of small antennae on your
                  | head. [demonic ancestry]
  1819 | D:2      | Reached XP level 3. HP: 24/24 MP: 4/6
  2652 | D:2      | Noticed Terence
  2678 | D:2      | Gained mutation: You expend magic power (3 MP) to
                  | strengthen your wands. [potion of mutation]
  2678 | D:2      | Gained mutation: You have sharp toenails. [potion of
                  | mutation]
  3125 | D:3      | Gained mutation: You regenerate magic rapidly. [demonic
                  | ancestry]
  3125 | D:3      | Reached XP level 4. HP: 20/30 MP: 2/8
  3338 | D:3      | Noticed Robin
  3471 | D:3      | Killed Robin
  4063 | D:4      | Learned a level 2 spell: Scorch
  4116 | D:4      | Gained mutation: You have a pair of antennae on your head.
                  | [demonic ancestry]
  4116 | D:4      | Reached XP level 5. HP: 33/35 MP: 5/9
  4690 | D:4      | Gained mutation: When hurt, damage is shared between your
                  | health and your magic reserves. [demonic ancestry]
  4690 | D:4      | Reached XP level 6. HP: 36/41 MP: 4/11
  5305 | D:4      | Found a burning altar of Makhleb.
  5307 | D:4      | Noticed a balrug
  5627 | D:5      | Entered Level 5 of the Dungeon
  5739 | D:5      | Reached skill level 1 in Fighting
  5834 | D:5      | Found Reusitwu's CLEARANCE SALE!.
  5975 | D:5      | Reached skill level 1 in Armour
  5978 | D:5      | Gained mutation: You have a pair of large antennae on your
                  | head. (SInv) [demonic ancestry]
  5978 | D:5      | Reached XP level 7. HP: 35/48 MP: 3/13
  6098 | D:5      | Found Woimp's Armour Shop.
  6865 | D:6      | Reached skill level 5 in Fire Magic
  6865 | D:6      | Gained mutation: You have a somewhat thin skeletal
                  | structure. (Dex +2, Stealth+) [demonic ancestry]
  6865 | D:6      | Reached XP level 8. HP: 36/57 MP: 7/14
  6883 | D:6      | Found a sand-covered staircase.
  6892 | Ossuary  | Entered an ossuary
  7370 | Ossuary  | Reached skill level 5 in Conjurations
  7587 | Ossuary  | Reached skill level 5 in Spellcasting
  7797 | Ossuary  | Reached XP level 9. HP: 65/65 MP: 7/16
  7806 | Ossuary  | Learned a level 4 spell: Flame Wave
  8290 | D:6      | Found a staircase to the Ecumenical Temple.
  8298 | Temple   | Entered the Ecumenical Temple
  8339 | Temple   | Became a worshipper of Vehumet
  8584 | D:7      | Noticed Joseph
  9144 | D:7      | Noticed Harold
  9149 | D:7      | Killed Joseph
  9150 | D:7      | Reached skill level 5 in Fighting
  9150 | D:7      | Reached skill level 5 in Dodging
  9432 | D:7      | Killed Harold
  9433 | D:7      | Gained mutation: You have a moderately thin skeletal
                  | structure. (Dex +4, Stealth++) [demonic ancestry]
  9433 | D:7      | Reached XP level 10. HP: 67/74 MP: 12/19
  9535 | D:7      | Reached * piety under Vehumet
  9535 | D:7      | Offered knowledge of Freeze by Vehumet.
  9651 | D:7      | Noticed Duvessa
  9656 | D:7      | Noticed Dowan
  9663 | D:7      | Killed Duvessa
  9664 | D:7      | Killed Dowan
 10225 | D:8      | Noticed a centaur warrior
 10225 | D:8      | Noticed a boulder beetle
 10228 | D:8      | Found the +7 captain's cutlass {speed, disarm}
 10229 | D:8      | Noticed a brown ugly thing
 10231 | D:8      | Noticed a centaur warrior
 10231 | D:8      | Noticed a two-headed ogre
 10231 | D:8      | Noticed a purple ugly thing
 10249 | D:8      | Noticed a fire crab
 10801 | D:8      | Noticed a sixfirhy
 10807 | D:8      | Noticed a smoke demon
 10807 | D:8      | HP: 2/76 [sixfirhy[a kobold demonologist] (9)]
 10807 | D:8      | Mangled by a sixfirhy

Illustrated notes

Levels and vault maps discovered:
D:1:      dpeg_arrival_rooms_with_view, layout_basic,
          shapermc_ecumenical_altar_flowoftime
D:2:      layout_loops_ring, uniq_terence
D:3:      layout_loops_ring, kennysheep_potato, uniq_robin
D:4:      layout_layer_cave, makhleb_altar_promises_db, minmay_circle_x
D:5:      layout_gridville, nicolae_elyvilon_peaceful_grove, serial_shops,
          nicolae_shop_competitors_out_of_business, dk_noncrumbling_3,
          nicolae_shop_clearance
D:6:      layout_rooms, minmay_temple_entry_wispy, chequers_ossuary_entry_cave
D:7:      layout_rooms, hangedman_decor_push, uniq_joseph, uniq_harold,
          uniq_duvessa
D:8:      layout_basic, minivault_12
Temple:   mainiacjoe_temple_coin_purse

Skill      XL: |  1  2  3  4  5  6  7  8  9 10 |
---------------+-------------------------------+-----
Fire Magic     | 3 4 5 6 7 |  7.1
Conjurations   | 2 3 4 5 6 7 |  7.2
Spellcasting   | 3 4 5 6 |  6.8
Dodging        | 2 4 5 |  5.8
Fighting       | 1 2 3 5 6 |  6.0
Armour         | 1 2 3 4 |  4.0
Stealth        | |  1.7

Action                   |  1- 3 |  4- 6 |  7- 9 | 10-12 || total
-------------------------+-------+-------+-------+-------++-------
Melee: Unarmed           |     3 |       |       |       ||     3
       Whip              |    35 |    14 |       |       ||    49
       Kick              |       |     4 |     7 |     3 ||    14
       Dagger            |       |     2 |    26 |     5 ||    33
 Cast: Foxfire           |   110 |   176 |   338 |   120 ||   744
       Scorch            |       |       |    31 |    18 ||    49
       Flame Wave        |       |       |     3 |     1 ||     4
  Use: Potion            |     4 |       |       |       ||     4
       Scroll            |       |       |    11 |       ||    11
Armor: Robe              |     9 |     4 |       |       ||    13
       Skin              |     8 |       |       |       ||     8
       Leather armour    |       |     3 |    44 |    12 ||    59
Dodge: Dodged            |    29 |    19 |    94 |    20 ||   162
Block: Other             |    11 |     4 |    25 |     5 ||    45

Table legend: (Time is in decaauts)
 A = Elapsed time spent in this place.
 B = Non-inter-level travel time spent in this place.
 C = Inter-level travel time spent in this place.
 D = Time resting spent in this place.
 E = Time spent auto-exploring this place.
 F = Levels seen in this place.
 G = Mean time per level.
                   A        B        C        D        E       F      G
               +--------+--------+--------+--------+--------+-----+--------+
         Total |  10806 |  10397 |    409 |    239 |   8252 |  10 | 1080.6 |
       Dungeon |   9747 |   9352 |    395 |    239 |   7564 |   8 | 1218.4 |
        Temple |     54 |     40 |     14 |      0 |     31 |   1 |   54.0 |
       Ossuary |   1003 |   1003 |      0 |      0 |    657 |   1 | 1003.0 |
               +--------+--------+--------+--------+--------+-----+--------+

Top non-repeatable levels by time:
     D:1: 1718 daAuts
     D:4: 1588 daAuts
     D:3: 1341 daAuts
     D:5: 1318 daAuts
     D:6: 1116 daAuts
 Ossuary: 1003 daAuts
     D:2: 982 daAuts
     D:7: 874 daAuts
     D:8: 807 daAuts
  Temple: 54 daAuts
